Match 45636470
Unlisted

Match 45636470
End
Vickers Machine Gun Team
Construct Section Command Post
Infantry Section
Infantry Section
Infantry Section
Construct Platoon Command Post
Humber Armored Car
Grenade Package
6-pounder Anti-tank Gun Team
Selects Indian Artillery Battlegroup
Selects Valour
Selects Gurkha Rifles Section
Gurkha Rifles Section
Construct Company Command Post
Construct Company Command Post
Gurkha Rifles Section
Crusader II Medium Tank
Infantry Training
6-pounder Anti-tank Gun Team
Crusader II Medium Tank
Foot Guards Section
Dream Migi
KorleeS
JVM
Rocket
Marauder
General Ho Lee phuc
hohobbang
蓝木
0
0

Comments sign in to comment!

No comments posted yet!